 Dungeon Crawl Stone Soup version 0.31-a0-640-g39d97e502b (webtiles) character file.

Game seed: 13530764506289053497

78085 olmar the Earth Mage (level 15, -10/79 HPs)
             Began as a Gargoyle Earth Elementalist on Aug 24, 2023.
             Was an Initiate of Gozag.
             Killed from afar by a deep elf knight (12 damage)
             ... with a shard of ice
             ... on level 1 of the Elven Halls on Aug 27, 2023.
             The game lasted 00:50:42 (24600 turns).

olmar the Earth Mage (Gargoyle Earth Elementalist) Turns: 24600, Time: 00:50:42

Health: -10/79     AC: 34    Str: 28    XL:     15   Next: 59%
Magic:  1/34       EV:  9    Int: 21    God:    Gozag
Gold:   4030       SH:  5    Dex: 16    Spells: 31/45 levels left

rFire   . . .        J - +12 flail of Brutal Revenge {protect, Will+ Str+5}
rCold   + + .        k - +0 buckler {rC+}
rNeg    + . .        G - +6 chain mail of the Equator {Str+3}
rPois   ∞            W - +0 hat {Will+}
rElec   +            N - +1 cloak
rCorr   .            p - +0 pair of gloves
SInv    +            d - +2 pair of boots
Will    +++..        c - amulet of magic regeneration
Stlth   +            V - ring of Cuimagus {rElec rPois rC+ Str+6 Dex+3}
HPRegen 0.33/turn    Z - ring "Suinki Ibbaf" {Dex+3 SInv Stlth+}
MPRegen 0.64/turn

%: no passive effects
@: flying, studying Long Blades
A: sickness immunity, AC +11, big wings, negative energy resistance 1,
electricity resistance, torment resistance 1, petrification resistance
a: Renounce Religion, Potion Petition, Call Merchant, Bribe Branch


You were on level 1 of the Elven Halls.
You worshipped Gozag.
Gozag was most pleased with you.
You visited 5 branches of the dungeon, and saw 21 of its levels.
You also visited: Ossuary and Ice Cave.

You collected 6742 gold pieces.
You spent 1449 gold pieces at shops.
You paid 1263 gold pieces to Gozag.

Inventory:

Hand Weapons
 J - the +12 flail of Brutal Revenge (weapon) {protect, Will+ Str+5}
   (You took it off a kobold demonologist on level 9 of the Dungeon)

   Str+5:     It affects your strength (+5).
   Will+:     It increases your willpower.
Missiles
 q - 7 curare-tipped darts
Armour
 d - a +2 pair of boots (worn)
 k - a +0 buckler of cold resistance (worn)
 p - a +0 pair of gloves (worn)
 G - the +6 chain mail of the Equator (worn) {Str+3}
   (You found it on level 8 of the Dungeon)

   Str+3:     It affects your strength (+3).
 H - +0 fire dragon scales
 N - a +1 cloak (worn)
 W - a +0 hat of willpower (worn)
Magical Staves
 e - a staff of earth
Jewellery
 a - a +6 ring of intelligence
 c - an amulet of magic regeneration (around neck)
 s - a ring of resist corrosion
 v - a ring of protection from fire
 C - a ring of ice
 O - an amulet of reflection
 Q - a +5 ring of evasion
 V - the ring of Cuimagus (left hand) {rElec rPois rC+ Str+6 Dex+3}
   (You bought it in a shop on level 11 of the Dungeon)

   [ring of strength]

   Str+6:     It affects your strength (+6).
   Dex+3:     It affects your dexterity (+3).
   rC+:       It protects you from cold.
   rElec:     It insulates you from electricity.
   rPois:     It protects you from poison
 X - a ring of protection from fire
 Z - the ring "Suinki Ibbaf" (right hand) {Dex+3 SInv Stlth+}
   (You found it on level 5 of the Lair of Beasts)

   [ring of see invisible]

   Dex+3:     It affects your dexterity (+3).
   SInv:      It lets you see invisible.
   Stlth+:    It makes you more stealthy.
Wands
 h - a wand of paralysis (6)
 B - a wand of flame (47)
Scrolls
 f - 4 scrolls of brand weapon
 u - 3 scrolls of enchant armour
 x - 6 scrolls of enchant weapon
 z - 2 scrolls of fog
 A - 4 scrolls of teleportation
 D - 2 scrolls of fear
 E - 2 scrolls of butterflies
 R - a scroll of blinking
 T - a scroll of silence
 Y - 4 scrolls of identify
Potions
 b - 3 potions of magic
 g - 5 potions of might
 i - 6 potions of resistance
 j - 6 potions of enlightenment
 m - a potion of cancellation
 o - 2 potions of brilliance
 r - 2 potions of curing
 w - 2 potions of haste
 K - 3 potions of mutation
 L - a potion of attraction
Miscellaneous
 t - a phial of floods (inert)


   Skills:
 + Level 3.7 Fighting
 + Level 6.9 Armour
 - Level 1.7 Dodging
 - Level 3.2 Stealth
 + Level 5.5 Shields
 + Level 15.9 Spellcasting
 + Level 11.8 Conjurations
 - Level 1.2 Summonings
 + Level 1.4 Transmutations
 + Level 18.8 Earth Magic


You had 31 spell levels left.
You knew the following spells:

 Your Spells              Type           Power      Damage    Failure   Level
a - Sandblast             Erth           100%       2d20      0%          1
b - Passwall              Tmut/Erth      46%        N/A       1%          2
c - Stone Arrow           Conj/Erth      100%       3d13      1%          3
d - Petrify               Tmut/Erth      56%        N/A       2%          4
e - Animate Armour        Summ/Erth      100%       N/A       2%          4

Your spell library contained the following spells:

 Spells                   Type           Power      Damage    Failure   Level
 Shock                    Conj/Air       100%       1d9       1%          1
 Summon Small Mammal      Summ           88%        N/A       10%         1
 Fulminant Prism          Conj/Hex       20%        3d12      14%         4
 Iskenderun's Mystic Bla  Conj/Tloc      41%        2d9       14%         4
 Apportation              Tloc           32%        N/A       17%         1
 Necrotise                Necr           64%        1d7       17%         1
 Slow                     Hex            64%        N/A       17%         1
 Confusing Touch          Hex            16%        N/A       45%         3
 Swiftness                Air            16%        N/A       45%         3
 Vampiric Draining        Necr           16%        2d7       45%         3
 Volatile Blastmotes      Fire/Tloc      32%        2d12      45%         3
 Airstrike                Air            8%         2d(2-18)  86%         4
 Anguish                  Hex/Necr       8%         N/A       86%         4
 Cause Fear               Hex            8%         N/A       86%         4
 Manifold Assault         Tloc           16%        N/A       86%         4
 Lehudib's Crystal Spear  Conj/Erth      34%        10d9      89%         8
 Dispersal                Tloc           8%         N/A       100%        6
 Enfeeble                 Hex            8%         N/A       100%        7
 Disjunction              Tloc           8%         N/A       100%        8


Dungeon Overview and Level Annotations

Branches:
Dungeon (12/15)            Temple (1/1) D:6            Lair (5/5) D:11
  Swamp (0/4) Lair:3       Spider (0/4) Lair:2        Slime (0/5) Lair:4
    Orc (2/2) D:12            Elf (1/3) Orc:2       Ossuary (visited)
  IceCv (visited)

Altars:
Ashenzari
Cheibriados
Dithmenos
Elyvilon
Fedhas
Gozag
Hepliaklqana
Kikubaaqudgha
Makhleb
Nemelex Xobeh
Okawaru
Qazlal
Ru
Sif Muna
Trog
Uskayaw
Vehumet
Wu Jian
Xom
Yredelemnul
Zin
The Shining One

Shops:
D:11 =   Orc:2 :(*[

Annotations:
D:8 2 transporters
D:9 6 transporters, 3 runed translucent doors, zenocrate's ghost, novice OpSh
Lair:3 1 runed translucent door, knees's ghost, journeyman HOFi


Innate Abilities, Weirdness & Mutations

You are immune to sickness and miasma.
Your stone body is resilient. (AC +11)
You are immune to poison.
Your large and strong wings let you fly.
You resist negative energy. (rN+)
You are resistant to electric shocks. (rElec)
You are resistant to unholy torment.
You are immune to petrification.


Message History

Aiming: Stone Arrow (safe; 1% risk of failure)
Press: ? - help, Q - select action, (/) - cycle Shift-Dir - straight line, f/p - deep elf knight
Aim: a deep elf knight, wielding a +0 shortbow (ally target, 58% to hit)
The stone arrow hits the deep elf knight!!
The deep elf knight is heavily wounded.
The deep elf knight gestures at you while chanting.
The lance of force hits you.
* * * LOW HITPOINT WARNING * * *
You are knocked back by the lance of force.
You slam into the rock wall!
* * * LOW HITPOINT WARNING * * *
You feel better.
The deep elf knight casts a spell.
The deep elf knight seems to speed up.
Aiming: Stone Arrow (safe; 1% risk of failure)
Press: ? - help, Q - select action, (/) - cycle Shift-Dir - straight line, f/p - deep elf knight
Aim: a deep elf knight, wielding a +0 shortbow (heavily wounded, fast, ally target, 58% to hit)
The stone arrow misses the deep elf knight.
The deep elf knight shoots an arrow.
The arrow hits you but does no damage.
Aiming: Stone Arrow (safe; 1% risk of failure)
Press: ? - help, Q - select action, (/) - cycle Shift-Dir - straight line, f/p - deep elf knight
Aim: a deep elf knight, wielding a +0 shortbow (heavily wounded, fast, ally target, 58% to hit)
The stone arrow hits the deep elf knight!!
The deep elf knight is almost dead.
The deep elf knight shoots an arrow.
You block the arrow.
Aiming: Stone Arrow (safe; 1% risk of failure)
Press: ? - help, Q - select action, (/) - cycle Shift-Dir - straight line, f - deep elf archer
Aim: a deep elf archer, wielding a +0 longbow and wearing a +0 leather armour (lightly wounded, repelling missiles, 34% to hit)
The stone arrow misses the deep elf archer.
Unknown command.
Aiming: Stone Arrow (safe; 1% risk of failure)
Press: ? - help, Q - select action, (/) - cycle Shift-Dir - straight line, f/p - deep elf archer
Aim: a deep elf archer, wielding a +0 longbow and wearing a +0 leather armour (lightly wounded, repelling missiles, 34% to hit)
The deep elf archer repels the stone arrow!
The deep elf archer shoots an arrow.
The arrow hits you!!
* * * LOW HITPOINT WARNING * * *
The deep elf knight gestures at you while chanting.
The shard of ice hits you! You partially resist.
You die...
Your body crumbles into a pile of gold.

#.#
#.......○#☼.........###.#
#.# #......☼.####+#####'#
#.# #.# #........# #.# #.#
#.## #........# # ...#
#.....#####
#..####.....###.# .## #
#.))..).....##..#### ..# #
#..####.....##..##.##..##
#..# #.....#...@#.#....#
#..# #.....#.[..#.#....#
#..# #.....#....#.#....#
...# #.....#....#)#....##.
#)## #.....e......).......
#.#####.....e...8[<.8.....#
#.....'...........[)......#
#..####....##....#.#....###
#..# ####'##....#.#....#


You could see a deep elf archer (repels missiles), a deep elf knight (fast, ally
target) and a friendly animated chain mail (summoned).

Vanquished Creatures
  Gastronok (Lair:3)
  A deep elf sorcerer (Elf:1)
  An orc warlord (Orc:2)
  A deep elf annihilator (Elf:1)
  Snorg (D:10)
  An ettin (Orc:2)
  2 hydras (Lair:5)
  Erica (Lair:2)
  2 catoblepae
  12 death yaks
  A two-headed ogre (D:11)
  A deep troll shaman (Lair:5)
  2 dancing weapons (Elf:1)
  4 orc high priests (Orc:2)
  3 deep elf knights (Elf:1)
  Amaemon (Lair:3)
  2 skeletal warriors (D:12)
  A lindwurm (Lair:5)
  A deep elf archer (Elf:1)
  2 orc knights (Orc:2)
  3 orc sorcerers
  7 deep elf zephyrmancers (Elf:1)
  4 deep elf pyromancers (Elf:1)
  A cyclops (Orc:2)
  An oklob plant (Lair:1)
  A manticore (D:12)
  An ugly thing (IceCv)
  9 elephants
  5 black mambas
  2 gargoyles (D:11)
  An orange demon (Lair:3)
  12 cane toads
  An ice statue (IceCv)
  An unseen horror zombie (D:8)
  Maggie (Lair:2)
  7 kobold demonologists
  Psyche (D:11)
  4 rime drakes
  6 komodo dragons
  An unseen horror (D:10)
  3 trolls
  3 polar bears (Lair:5)
  6 blink frogs
  2 hornets
  A slime creature (Lair:4)
  A shadow (D:10)
  2 wraiths (D:12)
  53 yaks
  5 wyverns
  A basilisk (Lair:1)
  A steam dragon (D:8)
  8 vampire mosquitoes
  Menkaure (D:5)
  3 wargs (D:11)
  14 water moccasins
  18 orc warriors
  9 black bears
  2 ice beasts
  8 ogres
  5 wolves (Lair:5)
  7 centaurs
  A phantom (D:5)
  The ghost of ytrimaz the Insei, an amateur OpSh (D:3)
  11 kobold brigands
  9 bullfrogs
  7 scorpions
  A cane toad simulacrum (IceCv)
  7 wights
  5 jellies
  12 killer bees
  An elephant simulacrum (IceCv)
  3 electric eels
  8 howler monkeys
  3 hounds
  Crazy Yiuf (D:2)
  10 orc priests
  A sleepcap (D:5)
  A gnoll bouda (D:4)
  A human zombie (Ossuary)
  7 iguanas
  Natasha (thrice) (D:2)
  17 orc wizards
  A killer bee zombie (D:8)
  2 mummies (Ossuary)
  21 gnolls
  6 adders
  7 white imps (Orc:2)
  A worm (D:2)
  A dart slug (D:4)
  69 orcs
  A bat (D:3)
  3 giant cockroaches
  2 gnoll zombies (Ossuary)
  9 goblins
  12 hobgoblins
  2 jackals (D:4)
  51 kobolds
  3 quokkas
  5 ball pythons
  6 frilled lizards
  4 goblin zombies (Ossuary)
  3 hobgoblin zombies (Ossuary)
  4 orc zombies (Ossuary)
  5 rats
591 creatures vanquished.

Vanquished Creatures (collateral kills)
  A boulder beetle (Lair:5)
  5 death yaks
  3 skeletal warriors
  An orc knight (Orc:2)
  An ugly thing (IceCv)
  An ice statue (IceCv)
  A cane toad (Lair:5)
  A death yak simulacrum (IceCv)
  4 orc warriors (Orc:2)
  An ogre (Orc:2)
  A gnoll sergeant (Orc:2)
  An orc priest (Orc:2)
  An orc wizard (Orc:2)
  5 white imps (Orc:2)
  An orc (Orc:2)
28 creatures vanquished.

Vanquished Creatures (others)
  A deep elf knight (Elf:1)
  A cyclops (D:8)
2 creatures vanquished.

Grand Total: 621 creatures vanquished

Notes
Turn   | Place    | Note
-------+----------+-------------------------------------------
     0 | D:1      | olmar the Gargoyle Earth Elementalist began the quest for
                  | the Orb.
     0 | D:1      | Reached XP level 1. HP: 10/10 MP: 3/3
   274 | D:1      | Reached skill level 4 in Earth Magic
   274 | D:1      | Reached XP level 2. HP: 15/15 MP: 3/5
   567 | D:1      | Found a faded altar of an unknown god.
   678 | D:2      | Learned a level 2 spell: Passwall
   773 | D:2      | Noticed Natasha
   776 | D:2      | Killed Natasha
   777 | D:2      | Reached XP level 3. HP: 19/19 MP: 4/6
   884 | D:2      | Found a runed translucent door.
   885 | D:2      | Noticed Crazy Yiuf
   992 | D:2      | Reached XP level 4. HP: 24/24 MP: 5/7
  1126 | D:2      | Noticed Natasha
  1129 | D:2      | Reached skill level 5 in Earth Magic
  1570 | D:3      | Noticed an ogre
  1784 | D:3      | Found a runed translucent door.
  1784 | D:3      | Noticed ytrimaz's ghost (amateur OpSh)
  1891 | D:3      | Noticed a kobold brigand
  1896 | D:3      | Killed a kobold brigand
  1897 | D:3      | Reached XP level 5. HP: 28/28 MP: 6/10
  1977 | D:3      | Reached skill level 1 in Shields
  1978 | D:3      | Reached XP level 6. HP: 32/32 MP: 9/11
  2003 | D:3      | Reached skill level 6 in Earth Magic
  2312 | D:2      | Learned a level 3 spell: Stone Arrow
  2540 | D:4      | Reached XP level 7. HP: 28/37 MP: 11/13
  2749 | D:4      | Reached skill level 7 in Earth Magic
  2897 | D:4      | Identified the +7 orcbow of Damp False Accusations {flame,
                  | rElec Str+2}
  3240 | D:4      | Learned a level 4 spell: Petrify
  3245 | D:4      | Learned a level 4 spell: Animate Armour
  3272 | D:5      | Entered Level 5 of the Dungeon
  3409 | D:5      | Reached skill level 5 in Spellcasting
  3856 | D:5      | Reached skill level 8 in Earth Magic
  3856 | D:5      | Reached XP level 8. HP: 39/42 MP: 14/16
  4057 | D:5      | Noticed Menkaure
  4062 | D:5      | Killed Menkaure
  4123 | D:5      | Reached skill level 9 in Earth Magic
  4431 | D:6      | Found a staircase to the Ecumenical Temple.
  4439 | D:6      | Found a sand-covered staircase.
  4448 | Ossuary  | Entered an ossuary
  4571 | D:6      | Reached XP level 9. HP: 35/46 MP: 19/19
  4572 | D:6      | Noticed a kobold demonologist
  4573 | D:6      | Noticed a kobold demonologist
  4576 | D:6      | Noticed a kobold demonologist
  4579 | D:6      | Killed a kobold demonologist
  4580 | D:6      | Reached skill level 10 in Earth Magic
  4583 | D:6      | Noticed a sun demon
  4611 | D:6      | Noticed a soul eater
  4651 | Temple   | Entered the Ecumenical Temple
  4659 | Temple   | Became a worshipper of Gozag Ym Sagoz the Greedy
  4703 | D:6      | Noticed an orange demon
  4703 | D:6      | Noticed a hellwing
  4703 | D:6      | Killed a kobold demonologist
  4767 | D:6      | Reached skill level 1 in Conjurations
  4831 | D:6      | Killed a kobold demonologist
  4832 | D:6      | Reached skill level 1 in Fighting
  4832 | D:6      | Reached skill level 11 in Earth Magic
  4997 | D:6      | Found an ancient bone altar of Kikubaaqudgha.
  5157 | D:7      | Noticed a troll
  5162 | D:7      | Killed a troll
  5198 | D:7      | Reached XP level 10. HP: 52/52 MP: 9/23
  6206 | D:7      | Reached skill level 12 in Earth Magic
  6318 | D:8      | Found a broken altar of Ashenzari.
  6443 | D:8      | Found a shimmering altar of Xom.
  6467 | D:8      | Noticed a deep elf pyromancer
  6470 | D:8      | Noticed a skeletal warrior
  6472 | D:8      | Found a transporter.
  6472 | D:8      | Noticed a purple ugly thing
  6473 | D:8      | Found a transporter.
  6473 | D:8      | Noticed a centaur warrior
  6474 | D:8      | Noticed a cyclops
  6512 | D:8      | Found a sacrificial altar of Ru.
  6593 | D:8      | Reached skill level 5 in Conjurations
  6671 | D:8      | Reached skill level 10 in Spellcasting
  6770 | D:8      | Killed a cyclops
  6866 | D:8      | Reached XP level 11. HP: 56/56 MP: 3/25
  6956 | D:8      | Identified the +6 chain mail of the Equator {Str+3}
  7273 | D:8      | Found a sparkling altar of Nemelex Xobeh.
  7289 | D:8      | Found a white marble altar of Elyvilon.
  7501 | D:9      | Found a transporter.
  7504 | D:9      | Found a transporter.
  7596 | D:9      | Reached skill level 13 in Earth Magic
  7714 | D:9      | Found a shadowy altar of Dithmenos.
  7744 | D:9      | Found a transporter.
  7745 | D:9      | Found a transporter.
  7932 | D:9      | Found a runed translucent gate.
  7932 | D:9      | Found a runed translucent gate.
  7932 | D:9      | Found a runed translucent gate.
  7933 | D:9      | Noticed zenocrate's ghost (novice OpSh)
  8104 | D:9      | Identified the +12 flail of Brutal Revenge {protect, Will+
                  | Str+5}
  8111 | D:9      | Noticed a sixfirhy
  8119 | D:10     | Entered Level 10 of the Dungeon
  8507 | D:9      | Found a transporter.
  8511 | D:9      | Found a transporter.
  9548 | D:2      | Killed Natasha
  9565 | D:2      | Noticed Natasha
  9567 | D:2      | Killed Natasha
  9592 | D:2      | Killed Crazy Yiuf
  9739 | D:3      | Killed ytrimaz's ghost
 10483 | D:10     | Reached skill level 1 in Armour
 10633 | D:10     | Found a bloodstained altar of Trog.
 10770 | D:10     | Noticed Snorg
 10804 | D:10     | Killed Snorg
 10805 | D:10     | Reached skill level 14 in Earth Magic
 11174 | D:11     | Found a staircase to the Lair.
 11476 | D:11     | Noticed Psyche
 11484 | D:11     | Killed Psyche
 11485 | D:11     | Reached XP level 12. HP: 62/62 MP: 21/27
 11515 | D:11     | Noticed a two-headed ogre
 11524 | D:11     | Killed a two-headed ogre
 11619 | D:11     | Reached skill level 1 in Transmutations
 12658 | D:12     | Identified the +0 leather armour "Qithitue" {-Tele Slay+3
                  | Stlth+}
 12864 | D:12     | Found a staircase to the Orcish Mines.
 13117 | D:12     | Noticed a sun demon
 13505 | D:11     | Bought the ring of Cuimagus {rElec rPois rC+ Str+6 Dex+3}
                  | for 945 gold pieces
 13516 | D:11     | Bought a +6 ring of intelligence for 504 gold pieces
 13554 | Lair:1   | Entered Level 1 of the Lair of Beasts
 13556 | Lair:1   | Noticed a catoblepas
 13562 | Lair:1   | Reached skill level 15 in Earth Magic
 13566 | Lair:1   | Killed a catoblepas
 13669 | Lair:1   | Found a shimmering blue altar of Sif Muna.
 14607 | Lair:2   | Found a hole to the Spider Nest.
 14796 | Lair:2   | Noticed Maggie
 14801 | Lair:2   | Killed Maggie
 15006 | Lair:2   | Reached skill level 16 in Earth Magic
 15040 | Lair:2   | Noticed Erica
 15046 | Lair:2   | Killed Erica
 15047 | Lair:2   | Reached XP level 13. HP: 68/68 MP: 23/29
 15825 | Lair:3   | Found a runed translucent door.
 15943 | Lair:3   | Noticed Gastronok
 15970 | Lair:3   | Killed Gastronok
 16571 | Lair:3   | Noticed Amaemon
 16581 | Lair:3   | Killed Amaemon
 16713 | Lair:3   | Found a staircase to the Swamp.
 17120 | Lair:3   | Noticed knees's ghost (journeyman HOFi)
 17420 | Lair:4   | Found a staircase to the Slime Pits.
 18312 | Lair:3   | Reached skill level 5 in Armour
 18975 | Lair:5   | Entered Level 5 of the Lair of Beasts
 19093 | Lair:5   | Reached skill level 17 in Earth Magic
 19357 | Lair:5   | Gained mutation: Your large and strong wings let you fly.
                  | [Gargoyle growth]
 19357 | Lair:5   | Reached XP level 14. HP: 74/74 MP: 19/32
 19406 | Lair:5   | Reached skill level 10 in Conjurations
 19437 | Lair:5   | Identified the +1 leather armour of Divine Compulsion
                  | {Dex+5}
 20727 | Lair:5   | Reached skill level 1 in Summonings
 20881 | Lair:5   | Reached skill level 15 in Spellcasting
 21058 | Lair:5   | Identified the ring "Suinki Ibbaf" {Dex+3 SInv Stlth+}
 22179 | Orc:1    | Entered Level 1 of the Orcish Mines
 22274 | Orc:1    | Reached skill level 18 in Earth Magic
 22638 | Orc:2    | Entered Level 2 of the Orcish Mines
 22687 | Orc:2    | Found Weur's Antique Armour Emporium.
 22705 | Orc:2    | Reached XP level 15. HP: 36/78 MP: 12/34
 22737 | Orc:2    | Found Vovvue's General Store.
 22760 | Orc:2    | Reached skill level 5 in Shields
 22767 | Orc:2    | Noticed an orc warlord
 22797 | Orc:2    | Killed an orc warlord
 22828 | Orc:2    | Found a frozen archway.
 22870 | IceCv    | Entered an ice cave
 22998 | IceCv    | Found a transporter.
 23029 | IceCv    | Found a transporter.
 23464 | Orc:2    | Found Bepon's Book Boutique.
 23636 | Orc:2    | Found Toull's Antique Weapon Boutique.
 23696 | Orc:2    | Found a staircase to the Elven Halls.
 23787 | Elf:1    | Entered Level 1 of the Elven Halls
 24394 | Elf:1    | Noticed a deep elf sorcerer
 24403 | Elf:1    | Killed a deep elf sorcerer
 24543 | Elf:1    | Upgraded the game from 0.31-a0-626-g8143ab4f1d to
                  | 0.31-a0-640-g39d97e502b
 24600 | Elf:1    | HP: 2/79 [deep elf archer/arrow (18)]
 24600 | Elf:1    | Killed from afar by a deep elf knight

Illustrated notes

Levels and vault maps discovered:
D:1:      dpeg_arrival_chambers_temple_mockup, layout_loops_ring,
          chequers_ecumenical_altar_simple_redux
D:2:      layout_basic, uniq_natasha, uniq_crazy_yiuf_cottage
D:3:      minmay_goblin_kobold_castle, layout_basic, gammafunk_ghost_grave
D:4:      layout_basic, minmay_misc_feat_tiny
D:5:      layout_basic, uniq_menkaure
D:6:      layout_cave_pools, lemuel_tele_altar, minmay_temple_entry_trees,
          enter_ossuary_1
D:7:      layout_loops_corners
D:8:      gammafunk_sealed_arena, layout_loops_corners,
          mainiacjoe_overflow_alcove_4, nicolae_overflow_crystal_walls,
          minitemple, nicolae_ru_awakened_eye, serial_undead, serial_undead_a,
          serial_undead_e, serial_undead_b, serial_undead_e
D:9:      layout_stronghold, mainiacjoe_overflow_six_doors_small,
          gammafunk_ghost_spectres, serial_nicolae_subway,
          nicolae_sub_station_metal, nicolae_sub_station_stone,
          nicolae_sub_station_crystal
D:10:     layout_loops_cross, trog_butcher_becter, uniq_snorg
D:11:     layout_grid_maze, erik_lair_orcish_takeover,
          nicolae_concentric_dashed_squares_wild, minmay_misc_feat_nine_boxes,
          uniq_psyche
D:12:     layout_loops_corners, hiddenorc2_lemuel
Temple:   nicolae_temple_two_arcs
Lair:1:   layout_regular_city, basic_altar, guppyfry_lair_drakes,
          infiniplex_staircase_pool
Lair:2:   layout_roguey, dummy_spider_entry, minivault_23, uniq_erica,
          uniq_maggie
Lair:3:   layout_cave_pods, swamp_mist, gammafunk_ghost_grave,
          beast_lair_carwin_9, grunt_megastairs_4, lemuel_fruit_tree,
          serial_bayou_shore_a, uniq_gastronok, uniq_amaemon
Lair:4:   layout_cave_shapes, minmay_slime_entry_pillars
Lair:5:   grunt_lair_end_beastmaster, layout_concentric_octagons
Orc:1:    layout_diamond_mine, uniq_nergalle
Orc:2:    grunt_orc_gardens, layout_caves, grunt_orc_garden, grunt_orc_garden,
          grunt_orc_garden, grunt_orc_garden, portal_ice_cave_entry_imps,
          nicolae_orc_lava_room
Elf:1:    eino_elf_arrival_shootout, layout_gridlike, serial_shops,
          nicolae_shop_back_alley_shop, hangedman_elf_represent,
          lemuel_upstairs_altar

Skill      XL: |  1  2  3  4  5  6  7  8  9 10 11 12 13 14 15 |
---------------+----------------------------------------------+-----
Earth Magic    | 4 5 6 8 9 11 12 14 16 17 18 | 18.8
Stealth        | 3 |  3.2
Spellcasting   | 3 4 5 7 9 10 11 12 14 15 | 15.9
Shields        | 1 2 3 4 5 |  5.5
Conjurations   | 2 5 6 7 9 11 | 11.8
Fighting       | 1 2 3 |  3.7
Armour         | 2 3 5 6 |  6.9
Transmutations | 1 |  1.4
Summonings     | 1 |  1.2
Dodging        | |  1.7

Action                     |  1- 3 |  4- 6 |  7- 9 | 10-12 | 13-15 || total
---------------------------+-------+-------+-------+-------+-------++-------
  Melee: Staff             |       |     1 |       |    11 |       ||    12
         Flail             |       |       |       |    13 |    63 ||    76
   Cast: Sandblast         |    31 |    79 |   108 |   224 |    13 ||   455
         Stone Arrow       |       |       |    32 |   247 |   583 ||   862
         Passwall          |       |       |       |     2 |       ||     2
         Animate Armour    |       |       |       |       |    31 ||    31
         Petrify           |       |       |       |       |     2 ||     2
 Invoke: Call Merchant     |       |       |       |     1 |       ||     1
         Potion Petition   |       |       |       |       |     1 ||     1
  Evoke: Wand              |       |       |       |     6 |    33 ||    39
         Phial of floods   |       |       |       |       |     1 ||     1
    Use: Scroll            |       |     5 |     8 |     8 |    10 ||    31
         Potion            |       |     3 |     2 |       |     8 ||    13
   Stab: Paralysed         |       |       |       |       |     2 ||     2
 Armour: Robe              |     1 |     8 |    26 |    46 |       ||    81
         Skin              |       |    15 |       |       |       ||    15
         Chain mail        |       |       |       |   118 |   267 ||   385
  Dodge: Dodged            |     3 |    25 |    28 |    81 |   127 ||   264
  Block: Buckler           |       |    16 |    12 |    80 |   119 ||   227

Table legend: (Time is in decaauts)
 A = Elapsed time spent in this place.
 B = Non-inter-level travel time spent in this place.
 C = Inter-level travel time spent in this place.
 D = Time resting spent in this place.
 E = Time spent auto-exploring this place.
 F = Levels seen in this place.
 G = Mean time per level.
                   A        B        C        D        E       F      G
               +--------+--------+--------+--------+--------+-----+--------+
         Total |  24877 |  23514 |   1363 |   4662 |  14513 |  23 | 1081.6 |
       Dungeon |  14454 |  13348 |   1106 |   2506 |   8677 |  12 | 1204.5 |
        Temple |     16 |     16 |      0 |      0 |      0 |   1 |   16.0 |
          Lair |   7868 |   7651 |    217 |   1559 |   4596 |   5 | 1573.6 |
  Orcish Mines |   1482 |   1444 |     38 |     89 |   1036 |   2 |  741.0 |
   Elven Halls |    724 |    724 |      0 |    410 |    144 |   1 |  724.0 |
       Ossuary |    115 |    115 |      0 |      0 |     60 |   1 |  115.0 |
      Ice Cave |    214 |    214 |      0 |     98 |      0 |   1 |  214.0 |
               +--------+--------+--------+--------+--------+-----+--------+

Top non-repeatable levels by time:
  Lair:4: 1999 daAuts
  Lair:5: 1870 daAuts
  Lair:3: 1836 daAuts
    D:11: 1723 daAuts
     D:3: 1699 daAuts
    D:12: 1571 daAuts
     D:8: 1344 daAuts
     D:9: 1278 daAuts
     D:5: 1239 daAuts
     D:2: 1133 daAuts
     D:4: 1089 daAuts
  Lair:2: 1088 daAuts
    D:10: 1086 daAuts
     D:7: 1077 daAuts
  Lair:1: 1073 daAuts
